 Dungeon Sprint DCSS version 0.23.1-37-gaa34b87 (webtiles) character file.

Game seed: 6777089460927814638

298 nuthulu the Fighter (level 9, -8/85 HPs)
             Began as a Formicid Fighter on Mar 20, 2019.
             Was a High Priest of Qazlal.
             Mangled by Aizul (12 damage)
             ... in the Dungeon (Sprint VI: "Thunderdome").
             The game lasted 00:04:41 (741 turns).

nuthulu the Fighter (Formicid Fighter)               Turns: 741, Time: 00:04:41

Health: -8/85      AC:  8    Str: 30    XL:     9   Next: 41%
Magic:  9/9        EV: 10    Int:  8    God:    Qazlal [*****.]
Gold:   133        SH: 20    Dex: 16    Spells: 8/8 levels left

rFire    . . .     SeeInvis +   a - +0 war axe
rCold    + . .     Gourm    .   c - +0 shield
rNeg     . . .     Faith    .   b - +0 scale mail
rPois    .         Spirit   .   (helmet unavailable)
rElec    +         Reflect  .   t - +0 cloak
rCorr    +         Harm     .   e - -3 pair of gloves "Pautz" {rElec Str-2 Slay-4 SInv} (curse)
MR       .....                  (no boots)
Stlth    ..........             p - amulet of False Hope {Regen+ Str+4}
HPRegen  0.64/turn              q - ring "Luhia" {rCorr rC+}
MPRegen  0.11/turn              r - ring of Secrets {*Slow +Inv Str+6 Dex+4}

@: lethally poisoned (-8 -> -11), repel missiles
A: permanent stasis, dig shafts and tunnels, four strong arms, antennae 3
a: Dig, Upheaval, Elemental Force, Disaster Area, Renounce Religion, Evoke
Invisibility


You were in the Dungeon.
You worshipped Qazlal.
Qazlal was extremely pleased with you.
You were not hungry.

You visited 1 branch You collected 600 gold pieces.
You spent 467 gold pieces at shops.

Inventory:

Hand Weapons
 a - a +0 war axe (weapon)
Armour
 b - a +0 scale mail (worn)
 c - a +0 shield (worn)
 e - the cursed -3 pair of gloves "Pautz" (worn) {rElec Str-2 Slay-4 SInv}
   (You bought it in a shop in the Dungeon)

   It affects your strength (-2).
   It affects your accuracy and damage with ranged weapons and melee attacks
   (-4).
   It insulates you from electricity.
   It lets you see invisible.
   It has a curse placed upon it.
 t - a +0 cloak (worn)
Jewellery
 p - the amulet of False Hope (around neck) {Regen+ Str+4}
   (You bought it in a shop in the Dungeon)

   [amulet of regeneration]

   It affects your strength (+4).
   It increases your rate of regeneration.
 q - the ring "Luhia" (left hand) {rCorr rC+}
   (You bought it in a shop in the Dungeon)

   [ring of resist corrosion]

   It protects you from cold.
 r - the ring of Secrets (right hand) {*Slow +Inv Str+6 Dex+4}
   (You bought it in a shop in the Dungeon)

   [ring of strength]

   It affects your strength (+6).
   It affects your dexterity (+4).
   It lets you turn invisible.
   It may slow you when you take damage.
Wands
 l - a wand of acid (5)
 m - a wand of iceblast (5)
Scrolls
 k - 4 scrolls of blinking
 n - 3 scrolls of fog
Potions
 d - a potion of might
 g - 3 potions of heal wounds
 h - 4 potions of haste
 i - 2 potions of magic
 j - a potion of berserk rage
 o - a potion of resistance
Comestibles
 f - a ration


   Skills:
 * Level 13.2 Fighting
 * Level 11.5 Axes
 + Level 9.9 Armour
 - Level 10.1 Shields


You had 8 spell levels left.
You didn't know any spells.
Your spell library was empty.

Dungeon Overview and Level Annotations

Branches:
Dungeon (1/1)

Altars:
Cheibriados
Dithmenos
Fedhas
Gozag
Kikubaaqudgha
Makhleb
Okawaru
Qazlal
Ru
Sif Muna
Trog
Uskayaw
Vehumet
Wu Jian
Xom
Yredelemnul
Zin
The Shining One
Beogh
Jiyva
Lugonu

Shops:
D *[%??*?*:[((!!!!

Annotations:
D Aizul


Innate Abilities, Weirdness & Mutations

You cannot be hasted, slowed, berserked, paralysed or teleported.
You can dig through walls and to a lower floor.
Your four strong arms can wield two-handed weapons with a shield.
You have a pair of large antennae on your head. (SInv)


Message History

You hear a shout!
Aizul is engulfed in blazing flames.
You block Aizul's attack.
Aizul is engulfed in blazing flames.
You block Aizul's attack.
Unknown command.
You miss Aizul.
Aizul is heavily wounded.
You feel sick.
Aizul is engulfed in blazing flames.
You block Aizul's attack.
Unknown command.
You miss Aizul.
Aizul is heavily wounded.
Aizul is engulfed in blazing flames.
Aizul coils herself and waves her upper body at you.
The bolt of poison hits you!!
You are more poisoned.
* * * LOW HITPOINT WARNING * * *
You miss Aizul.
Aizul is heavily wounded.
* * * LOW HITPOINT WARNING * * *
You feel sick.
Aizul is engulfed in blazing flames.
Aizul hits you!
You die...

##∩___......###......___∩##
#∩........8.# #.8........∩###
..[.).......###.............##
.........###...###..........⌠#
)........# #.<.# #†.........⌠#
.....[...###...###..........⌠#
....[.[.....###.............##
#∩......†.8.# #.8☼..÷....∩###
##∩___....†.###☼@°§..__.∩##
######.8.....○.S☼8.######
#⌠..........°⌠#
###.....)...### #_......._#
#........_# #_......._#
#∩.......∩# ##∩.....∩##


You could see Aizul.

Vanquished Creatures
  2 spiny frogs (D)
  A rime drake (D)
  A blink frog (D)
  A water elemental (D)
  3 ice beasts (D)
  4 bullfrogs (D)
  3 gnoll sergeants (D)
  A hound (D)
  Crazy Yiuf (D)
  An adder (D)
  A gnoll (D)
  An adder simulacrum (D)
  2 orcs (D)
  A ball python (D)
  A goblin (D)
24 creatures vanquished.

Notes
Turn   | Place    | Note
-------+----------+-------------------------------------------
     0 | D        | nuthulu the Formicid Fighter began the quest for the Orb.
     0 | D        | Reached XP level 1. HP: 18/18 MP: 1/1
     2 | D        | Found a bloodstained altar of Trog.
     2 | D        | Found a stormy altar of Qazlal.
     3 | D        | Found a shimmering altar of Xom.
     4 | D        | Found a viscous altar of Jiyva.
     4 | D        | Found an ornate altar of the Wu Jian Council.
     5 | D        | Found Efaa's Identification Station.
     5 | D        | Found an opulent altar of Gozag.
     5 | D        | Found a blossoming altar of Fedhas.
     5 | D        | Found Ullud's Delicious Food.
     5 | D        | Round 1.
     6 | D        | Found Jausmomu's Advanced Armour.
     6 | D        | Found Zaqodwuq's Jewellery.
     7 | D        | Found a hide-covered altar of Uskayaw.
     8 | D        | Found Unewas's Premium Goods.
     9 | D        | Found Umophyrch's Miscellaneous Merchandise.
     9 | D        | Found Akhy's Basic Armour.
    13 | D        | Became a worshipper of Qazlal Stormbringer
    26 | D        | Bought a coiled graven amulet for 45 gold pieces
    26 | D        | Bought a shimmering pewter ring for 45 gold pieces
    26 | D        | Bought a warped copper ring for 45 gold pieces
    26 | D        | Identified the amulet of False Hope {Regen+ Str+4} (You
                  | bought it in a shop in the Dungeon)
    27 | D        | Identified the ring "Luhia" {rCorr rC+} (You bought it in a
                  | shop in the Dungeon)
    28 | D        | Identified the ring of Secrets {*Slow +Inv Str+6 Dex+4}
                  | (You bought it in a shop in the Dungeon)
    38 | D        | Found a glowing golden altar of the Shining One.
    46 | D        | Reached * piety under Qazlal
    46 | D        | Reached skill level 4 in Fighting
    52 | D        | Found a deep blue altar of Sif Muna.
    54 | D        | Found an ancient bone altar of Kikubaaqudgha.
    55 | D        | Found Tunkigal's Magic Scroll Shop.
    56 | D        | Found Kunwysho's Magic Scroll Shop.
    56 | D        | Found Lutzuysu's Must-Have Magic.
    57 | D        | Found a burning altar of Makhleb.
    57 | D        | Found a snail-covered altar of Cheibriados.
    57 | D        | Found Meanas's Staff Store.
    63 | D        | Reached XP level 2. HP: 25/26 MP: 2/2
    71 | D        | Found a sacrificial altar of Ru.
    72 | D        | Found a glowing silver altar of Zin.
    73 | D        | Found a basalt altar of Yredelemnul.
    74 | D        | Found Ysamn's Distillery.
    74 | D        | Found a shadowy altar of Dithmenos.
    74 | D        | Found an iron altar of Okawaru.
    74 | D        | Found Yskal's Do-It-Yourself Clinic.
    75 | D        | Found Upparis's Distillery.
    75 | D        | Found Yhih Pojy's Bottled Wisdom.
    78 | D        | Found a radiant altar of Vehumet.
    81 | D        | Found a roughly hewn altar of Beogh.
    83 | D        | Found a corrupted altar of Lugonu.
    84 | D        | Found Looqyfoi's Weapon Rack.
   167 | D        | Arena points: 12 (+12) [x2]
   205 | D        | Round 2.
   212 | D        | Noticed a gnoll sergeant
   218 | D        | Killed a gnoll sergeant
   218 | D        | Reached ** piety under Qazlal
   218 | D        | Reached skill level 6 in Fighting
   218 | D        | Reached skill level 5 in Armour
   218 | D        | Reached skill level 5 in Shields
   218 | D        | Reached XP level 3. HP: 35/35 MP: 3/3
   218 | D        | Reached XP level 4. HP: 41/41 MP: 4/4
   265 | D        | Noticed Crazy Yiuf
   270 | D        | Killed Crazy Yiuf
   270 | D        | Reached skill level 7 in Fighting
   270 | D        | Reached XP level 5. HP: 48/48 MP: 5/5
   281 | D        | Reached skill level 5 in Axes
   339 | D        | Reached *** piety under Qazlal
   339 | D        | Reached skill level 8 in Fighting
   339 | D        | Reached XP level 6. HP: 31/57 MP: 6/6
   342 | D        | Arena points: 54 (+42) [x3]
   400 | D        | Round 3.
   408 | D        | Noticed an ice beast
   416 | D        | Killed an ice beast
   416 | D        | Reached skill level 9 in Fighting
   419 | D        | Noticed an ice beast
   428 | D        | Killed an ice beast
   428 | D        | Reached skill level 10 in Fighting
   428 | D        | Reached XP level 7. HP: 66/66 MP: 7/7
   469 | D        | Noticed a rime drake
   472 | D        | Reached **** piety under Qazlal
   476 | D        | Killed a rime drake
   476 | D        | Reached skill level 11 in Fighting
   476 | D        | Reached XP level 8. HP: 69/75 MP: 8/8
   509 | D        | Noticed a water elemental
   520 | D        | Killed a water elemental
   520 | D        | Arena points: 138 (+84) [x4]
   559 | D        | Round 4.
   597 | D        | Reached skill level 10 in Axes
   605 | D        | Noticed a spiny frog
   607 | D        | Reached ***** piety under Qazlal
   615 | D        | Killed a spiny frog
   615 | D        | Reached skill level 12 in Fighting
   615 | D        | Reached skill level 10 in Shields
   615 | D        | Reached XP level 9. HP: 74/83 MP: 9/9
   634 | D        | Noticed a blink frog
   640 | D        | Noticed a spiny frog
   651 | D        | Killed a spiny frog
   674 | D        | Killed a blink frog
   674 | D        | Arena points: 298 (+160) [x5]
   674 | D        | Reached skill level 13 in Fighting
   696 | D        | Bought a pair of brightly glowing gloves for 332 gold
                  | pieces
   701 | D        | Identified the cursed -3 pair of gloves "Pautz" {rElec
                  | Str-2 Slay-4 SInv} (You bought it in a shop in the Dungeon)
   719 | D        | Round 5.
   731 | D        | Noticed Aizul
   741 | D        | HP: 4/85 [poisoned by Aizul (bolt of poison)]
   741 | D        | Mangled by Aizul

Skill      XL: |  1  2  3  4  5  6  7  8  9 |
---------------+----------------------------+-----
Fighting       | 4 6 7 8 10 11 12 13 | 13.2
Shields        | 4 5 6 8 9 10 | 10.1
Armour         | 4 5 6 7 8 9 |  9.9
Axes           | 4 6 8 9 10 11 | 11.5

Action                   |  1- 3 |  4- 6 |  7- 9 || total
-------------------------+-------+-------+-------++-------
Melee: War axe           |    21 |    28 |    55 ||   104
  Use: Potion            |       |       |     2 ||     2
Armor: Scale mail        |     9 |     4 |     3 ||    16
Dodge: Dodged            |     5 |     6 |     7 ||    18
Block: Shield            |    13 |    24 |    48 ||    85
